 Dungeon Crawl Stone Soup version 0.25.0-46-gbd7b0854d2 (webtiles) character file.

Game seed: 17981266771719026299

72 Aviak the Insei (level 4, 0/29 HPs)
             Began as an Octopode Transmuter on July 12, 2020.
             Killed by nerve-wracking pain
             ... invoked by an orc priest
              (7 damage)
             ... on level 2 of the Dungeon.
             The game lasted 00:03:03 (3219 turns).

Aviak the Insei (Octopode Transmuter)               Turns: 3219, Time: 00:03:04

Health: 0/29       AC:  1    Str:  9    XL:     4   Next: 25%
Magic:  8/8        EV: 13    Int: 16    God:
Gold:   80         SH:  0    Dex: 12    Spells: 2/8 levels left

rFire    . . .     SeeInvis .     - Unarmed
rCold    . . .     Gourm    .   (no shield)
rNeg     . . .     Faith    .   (helmet restricted)
rPois    .         Spirit   .   (no amulet)
rElec    .         Reflect  .   l - ring of wizardry
rCorr    .         Harm     .   (no ring)
MR       .....                  (no ring)
Stlth    ++........             (no ring)
HPRegen  0.09/turn              (no ring)
MPRegen  0.11/turn              (no ring)
                                (no ring)
                                (no ring)

@: brilliant, appendage
A: almost no armour, stealthy swim, amphibious, 8 rings, constrict 8, tentacle
spike 3, camouflage 1, gelatinous body 1
a: End Transformation


You were on level 2 of the Dungeon.
You were hungry.
One of your tentacles had a temporary spike.
You visited 1 branch of the dungeon, and saw 3 of its levels.

You collected 80 gold pieces.

Inventory:

Missiles
 a - 32 arrows
Jewellery
 l - a ring of wizardry (left tentacle)
Scrolls
 b - 2 scrolls of enchant weapon {unknown}
 d - 2 scrolls of teleportation {unknown}
 e - a scroll of immolation {unknown}
 f - a scroll of fear {unknown}
 g - a scroll of random uselessness {unknown}
 i - 2 scrolls of remove curse {unknown}
 j - a scroll of fog {unknown}
 k - 7 scrolls of identify {unknown}
 o - 2 scrolls of enchant armour {unknown}
Potions
 n - a potion of berserk rage {unknown}
 p - a potion of stabbing {unknown}
Comestibles
 m - 3 rations


   Skills:
 + Level 2.2 Fighting
 - Level 2.0 Dodging
 - Level 3.0 Unarmed Combat
 + Level 2.7 Spellcasting
 + Level 2.9 Transmutations
 + Level 1.1 Poison Magic


You had 2 spell levels left.
You knew the following spells:

 Your Spells              Type           Power        Failure   Level  Hunger
a - Beastly Appendage     Tmut           ###...       2%          1    None
b - Sticks to Snakes      Tmut           ###.....     3%          2    None
c - Spider Form           Tmut/Pois      ##........   11%         3    None

Your spell library contained the following spells:

 Spells                   Type           Power        Failure   Level  Hunger
 Ice Form                 Ice/Tmut       ##......     38%         4    None
 Blade Hands              Tmut           ###.......   52%         5    None


Dungeon Overview and Level Annotations

Branches:
Dungeon (3/15)

Altars:
Qazlal
Xom


Innate Abilities, Weirdness & Mutations

You cannot wear most types of armour.
You are very stealthy in the water. (Stealth+)
You are amphibious.
You can wear up to eight rings at the same time.
You can use your tentacles to constrict eight enemies at once.
Your skin changes colour to match your surroundings (Stealth+).
Your rubbery body absorbs attacks. (AC +1, EV +1)
One of your tentacles bears a large vicious spike.


Message History

The orc barely misses you.
You feel better. The orc hits you with a +0 dagger.
You tentacle-slap the orc. You grab the orc.
The orc is heavily wounded.
You constrict the orc.
The orc priest invokes the aid of Beogh against you.
Beogh smites you!
* * * LOW HITPOINT WARNING * * *
The orc hits you with a +0 dagger.
* * * LOW HITPOINT WARNING * * *
You tentacle-slap the orc.
You kill the orc!
You tentacle-slap the orc priest. Your grab misses the orc priest.
The orc priest is heavily wounded.
The orc priest looks braver for a moment.
It was a potion of brilliance.
You feel clever all of a sudden.
The orc priest invokes the aid of Beogh against you.
Pain shoots through your body!
You die...

#######.#.# #.#
#.......#.# #.#
#.#####.#.# #.# #.#
#...### #.# #.######..#.#
#.# #.#.....)...#
#.####### #.#.####..#.#
#...รท...# #.#.#
##o#.#########.# #.#.#
#@#.....# #.# #.#.#
#.#####.# #.# #.#.# #.#
#.# #.# #.#.# #.# #.# #.#
#.#.# #.#####.# #.# #.#.#
#.......# #)#
#.#.#################.####
#.#.......................
#.#####################.##


You could see an orc priest.

Vanquished Creatures
  An ooze (D:1)
  A dart slug (D:2)
  4 worms (D:2)
  3 leopard geckos
  An orc (D:2)
  5 goblins
  9 hobgoblins
  2 jackals (D:1)
  2 kobolds
  A ball python (D:1)
  A bat (D:1)
  5 frilled lizards
  6 rats
41 creatures vanquished.

Vanquished Creatures (collateral kills)
  An adder (D:2)
  A worm (D:2)
2 creatures vanquished.

Grand Total: 43 creatures vanquished

Notes
Turn   | Place    | Note
-------+----------+-------------------------------------------
     0 | D:1      | Aviak the Octopode Transmuter began the quest for the Orb.
     0 | D:1      | Reached XP level 1. HP: 13/13 MP: 3/3
    32 | D:1      | Reached XP level 2. HP: 8/18 MP: 3/5
  1423 | D:1      | Reached XP level 3. HP: 24/24 MP: 4/6
  1723 | D:2      | Learned a level 2 spell: Sticks to Snakes
  1727 | D:2      | Learned a level 3 spell: Spider Form
  2037 | D:2      | Noticed a fire elemental
  2039 | D:2      | Found a stormy altar of Qazlal.
  2041 | D:2      | Noticed an earth elemental
  2041 | D:2      | Noticed an air elemental
  2041 | D:2      | Noticed a water elemental
  2626 | D:2      | Reached XP level 4. HP: 25/29 MP: 8/8
  2771 | D:2      | Found a shimmering altar of Xom.
  2827 | D:2      | Reached skill level 1 in Poison Magic
  3219 | D:2      | Killed from afar by an orc priest

Illustrated notes

Levels and vault maps discovered:
D:1:      psy_arrival_fountain, layout_basic
D:2:      layout_basic, overflow_temple_1_default,
          nicolae_qazlal_style_of_elements
D:3:      layout_loops_cross, grunt_temple_overflow_holy_war

Skill      XL: |  1  2  3  4 |
---------------+-------------+-----
Fighting       | 2 |  2.2
Poison Magic   | 1 |  1.1
Dodging        | |  2.0
Unarmed Combat | |  3.0
Spellcasting   | |  2.7
Transmutations | |  2.9

Action                   |  1- 3 |  4- 6 || total
-------------------------+-------+-------++-------
Melee: Unarmed           |    82 |    36 ||   118
       Kick              |    17 |       ||    17
       Constrict         |    19 |    10 ||    29
       Tentacles         |    12 |     2 ||    14
       Punch             |     2 |       ||     2
 Cast: Beastly Appendage |    14 |     2 ||    16
       Sticks to Snakes  |     4 |       ||     4
  Use: Potion            |       |     3 ||     3
 Stab: Sleeping          |     3 |       ||     3
  Eat: Chunk             |     6 |     1 ||     7
Armor: Skin              |     5 |     1 ||     6
Dodge: Dodged            |    40 |    26 ||    66
